 Dungeon Crawl Stone Soup version 0.25-a0-280-gfa4545f (webtiles) character file.

Game seed: 4715364385274112976, levelgen mode: deterministic

83057 Blackhawk the Fighter (level 15, -11/122 HPs)
             Began as a Demonspawn Gladiator on Dec 10, 2019.
             Was the Champion of Okawaru.
             Killed from afar by a fire dragon (45 damage)
             ... with a blast of flame
             ... on level 6 of the Lair of Beasts.
             The game lasted 00:50:50 (21638 turns).

Blackhawk the Fighter (Demonspawn Gladiator)       Turns: 21638, Time: 00:50:50

Health: -11/122    AC: 34    Str: 21    XL:     15   Next: 31%
Magic:  0/24       EV: 19    Int: 11    God:    Okawaru [******]
Gold:   852        SH: 24    Dex: 20    Spells: 14/14 levels left

rFire    . . .     SeeInvis +   a - +10 hand axe of Valour {chop, rN+}
rCold    . . .     Gourm    .   r - +2 large shield
rNeg     + . .     Faith    .   c - +2 plate armour {rPois}
rPois    +         Spirit   +   w - +3 crown of Dyrovepreva {rElec Int+2 SInv}
rElec    +         Reflect  +   t - scarf {cloud immunity}
rCorr    .         Harm     .   K - +2 pair of gloves {Dex+3}
MR       +....                  (boots unavailable)
Stlth    ..........             m - +3 amulet of reflection
HPRegen  0.70/turn              A - ring of Robustness {AC+8}
MPRegen  0.38/turn              O - ring of magical power

@: heroism, studying Ice Magic, repel missiles
A: claws 1, talons 3, repulsion field 3, agile 1, nightstalker 1, regeneration
1, screaming 1, magic shield, magic regeneration
a: Heroism, Finesse, Renounce Religion


You were on level 6 of the Lair of Beasts.
You worshipped Okawaru.
Okawaru was exalted by your worship.
You were very hungry.

You visited 2 branches of the dungeon, and saw 21 of its levels.
You also visited: Ice Cave.

You collected 1613 gold pieces.
You spent 761 gold pieces at shops.

Inventory:

Hand Weapons
 a - the +10 hand axe of Valour (weapon) {chop, rN+}
   (You bought it in a shop on level 10 of the Dungeon)

   It inflicts extra damage upon your enemies.
   It protects you from negative energy.
 b - the +9 hunting sling of Intimidation {freeze, rN++}
   (You found it on level 5 of the Dungeon)

   It causes projectiles fired from it to freeze those they strike, causing
   extra injury to most foes and up to half again as much damage against
   particularly susceptible opponents.
   They can also slow down cold-blooded creatures.
   It greatly protects you from negative energy.
 l - a +3 spear of freezing
 S - a +1 war axe of venom
Missiles
 d - 3 throwing nets
 h - 5 silver javelins
 H - 289 stones (quivered)
Armour
 c - a +2 plate armour of poison resistance (worn)
 r - a +2 large shield (worn)
 t - a scarf of cloud immunity (worn)
 w - the +3 crown of Dyrovepreva (worn) {rElec Int+2 SInv}
   (You found it on level 4 of the Dungeon)

   It affects your intelligence (+2).
   It insulates you from electricity.
   It lets you see invisible.
 I - the +5 ring mail "Duonic" {-Cast Str+3 Dex+4 SInv}
   (You found it on level 6 of the Dungeon)

   It affects your strength (+3).
   It affects your dexterity (+4).
   It lets you see invisible.
   It prevents spellcasting.
 K - a +2 pair of gloves of dexterity (worn)
 M - a +1 cloak of cold resistance
 R - a +1 plate armour of magic resistance
Jewellery
 m - a +3 amulet of reflection (around neck)
 A - the ring of Robustness (left hand) {AC+8}
   (You found it on level 12 of the Dungeon)

   [ring of protection]

   It affects your AC (+8).
 O - a ring of magical power (right hand)
 X - an uncursed amulet of regeneration
 Y - an uncursed ring of protection from fire
Wands
 k - a wand of polymorph (27)
 v - a wand of disintegration (28)
 F - a wand of paralysis (27)
 T - a wand of iceblast (34)
 V - a wand of digging (13)
Scrolls
 e - 4 scrolls of fear
 g - a scroll of fog
 i - 8 scrolls of remove curse
 j - 4 scrolls of enchant armour
 n - 7 scrolls of amnesia
 x - a scroll of identify
 y - 3 scrolls of blinking
 B - 4 scrolls of magic mapping
 E - a scroll of enchant weapon
 G - 6 scrolls of teleportation
 W - a scroll of holy word {unknown}
Potions
 o - 7 potions of curing
 p - 7 potions of brilliance
 s - 6 potions of heal wounds
 z - a potion of agility
 D - 3 potions of haste
 J - 2 potions of magic
 L - 3 potions of cancellation
 N - 3 potions of flight
 P - 2 potions of might
 Q - 2 potions of ambrosia
 U - a potion of invisibility
 Z - 4 potions of mutation
Books
 q - a manual of Ice Magic
 C - a manual of Ice Magic
Comestibles
 f - 46 rations


   Skills:
 + Level 12.4(17.4) Fighting
 + Level 11.6(16.6) Axes
 + Level 9.7(14.7) Throwing
 + Level 11.4(16.4) Armour
 + Level 11.7(16.7) Dodging
 + Level 7.3(12.3) Shields


You had 14 spell levels left.
You didn't know any spells.
Your spell library contained the following spells:

 Spells                   Type           Power        Failure   Level  Hunger
 Confusing Touch          Hex            #.....       100%        1    ##.....
 Infusion                 Chrm           #...         100%        1    ##.....
 Sting                    Tmut/Pois      #...         100%        1    ##.....
 Poisonous Vapours        Pois/Air       #.....       100%        2    ###....
 Shroud of Golubria       Chrm/Tloc      #.....       100%        2    ###....
 Song of Slaying          Chrm           #.......     100%        2    ###....
 Confuse                  Hex            #.......     100%        3    ####...
 Conjure Flame            Conj/Fire      #.......     100%        3    ####...
 Gell's Gravitas          Tloc           #.........   100%        3    ####...
 Ignite Poison            Fire/Tmut/Pois #.......     100%        3    ####...
 Mephitic Cloud           Conj/Pois/Air  #.......     100%        3    ####...
 Regeneration             Chrm/Necr      #.........   100%        3    ####...
 Spectral Weapon          Hex/Chrm       #.......     100%        3    ####...
 Olgreb's Toxic Radiance  Pois           #.......     100%        4    #####..
 Petrify                  Tmut/Erth      #.......     100%        4    #####..
 Bolt of Magma            Conj/Fire/Erth #.........   100%        5    ######.
 Iskenderun's Battlesphe  Conj/Chrm      #.......     100%        5    ######.
 Metabolic Englaciation   Hex/Ice        #.........   100%        5    ######.
 Yara's Violent Unravell  Hex/Tmut       #.........   100%        5    ######.
 Freezing Cloud           Conj/Ice/Air   #.........   100%        6    #######
 Iron Shot                Conj/Erth      #.........   100%        6    #######
 Orb of Destruction       Conj           #.........   100%        7    #######
 Ring of Flames           Chrm/Fire      #.........   100%        7    #######
 Spellforged Servitor     Conj/Summ      #.........   100%        7    #######


Dungeon Overview and Level Annotations

Branches:
Dungeon (15/15)            Temple (0/1) D:7            Lair (6/6) D:9
  Swamp (0/4) Lair:3       Spider (0/4) Lair:3        Slime (0/5) Lair:6
    Orc (0/2) D:12         Vaults (0/5) D:13         Depths (0/5) D:15
  IceCv (visited)

Altars:
Ashenzari
Dithmenos
Fedhas
Gozag
Makhleb
Nemelex Xobeh
Okawaru
Qazlal
Sif Muna
Trog
Vehumet
Xom
Yredelemnul
The Shining One
Beogh
Jiyva

Shops:
D:4 ?   D:10 (   D:12 (   D:14 [

Portals:
Trove: D:11 (give 11 potions of heal wounds)

Annotations:
Lair:1 exclusion: 3 oklob plants
Lair:5 2 transporters, Soxozix's ghost, journeyman HOFi


Innate Abilities, Weirdness & Mutations

You have claws for feet.
You are surrounded by a strong repulsion field. (EV +4, RMsl)
You are slightly more attuned to the shadows.
When hurt, damage is shared between your health and your magic reserves.
You regenerate magic rapidly.
You have sharp fingernails.
You are agile. (Dex +2)
Your natural rate of healing is unusually fast.
You occasionally shout uncontrollably at your foes.


Message History

You slash the fire dragon!
The fire dragon is heavily wounded.
Your shield and plate armour prevent you from hitting the fire dragon.
You claw the fire dragon.
The fire dragon is heavily wounded.
The fire dragon bites you but does no damage.
The fire dragon barely misses you.
The fire dragon tramples you but does no damage.
You hit the fire dragon but do no damage.
You claw the fire dragon, but do no damage.
The fire dragon is heavily wounded.
You block the fire dragon's attack. The fire dragon claws you.
You block the fire dragon's attack.
You slash the fire dragon! You claw the fire dragon!
The fire dragon is almost dead.
You hit the fire dragon.
The fire dragon is almost dead.
The fire dragon breathes flames at you. The blast of flame hits you!!!
You die...

# #8.........8##§≈≈# ##.... #
###.........##≈≈≈# #..... #
#8...........#≈≈# #..... #
##.........#.≈≈### ###... #
##........#..##8#######.. #
###..≈..###..#..8#8# #..
##≈≈..≈≈≈≈......## ###
#≈≈..≈≈§≈#......#####
########≈≈≈≈##D@##≈≈≈.....^...##
#8#8##.##≈§##....##≈≈≈#.........
#......#§§#......#≈§§≈##.......
##8#......#≈#......#≈≈........###
####....)..≈#......#≈#......^## #
# #......§.#$)..$$#≈#......## # #
##.....#≈.##$$$$##§##.....8# ##
###......#§§.######§§≈†.....## #.
#.........#§≈§≈§§§≈§≈..##§.#8###.


You could see a fire dragon.

Vanquished Creatures
  Roxanne (D:14)
  2 entropy weavers
  Snorg (D:14)
  4 hydras (Lair:6)
  5 two-headed ogres
  4 centaur warriors
  A queen ant (Lair:4)
  A fire crab (Lair:6)
  2 skeletal warriors (D:15)
  2 unseen horrors
  A flayed ghost (D:15)
  A wizard (D:13)
  A necromancer (D:15)
  A deep elf mage (D:15)
  2 orc knights
  An oklob plant (D:13)
  10 ugly things
  A stone giant zombie (D:15)
  2 manticores
  Joseph (D:9)
  A torpor snail (Lair:5)
  5 cyclopes
  6 black mambas
  An ice statue (IceCv)
  2 molten gargoyles (Lair:6)
  A spiny frog (shapeshifter) (D:13)
  5 elephants (Lair:6)
  A rime drake (Lair:6)
  7 komodo dragons
  10 freezing wraiths (IceCv)
  A kobold demonologist (D:12)
  3 meliai (D:13)
  2 polar bears (Lair:6)
  A jumping spider (Lair:3)
  8 trolls
  Grinder (D:5)
  14 blink frogs
  4 hippogriffs
  2 spriggan zombies (D:15)
  Sigmund (D:2)
  3 centaur simulacra
  2 redbacks (Lair:3)
  A vampire (D:15)
  2 shadows (D:14)
  A water elemental (D:12)
  5 wyverns
  46 yaks
  2 hogs (D:7)
  A human (D:7)
  3 basilisks
  3 hungry ghosts
  13 vampire mosquitoes
  Menkaure (D:4)
  A warg (D:15)
  9 insubstantial wisps
  13 water moccasins
  An acid dragon (D:15)
  27 soldier ants
  Duvessa (D:7)
  5 hell hounds (Lair:6)
  10 porcupines
  2 swamp drakes
  4 phantoms
  4 black bears
  A hornet zombie (D:15)
  13 orc warriors
  5 sky beasts
  3 eyes of draining
  21 ice beasts
  13 ogres
  A necrophage (D:11)
  43 wolves
  17 centaurs
  9 crocodiles
  5 big kobolds
  14 bullfrogs
  Blork the orc (D:6)
  A wyvern zombie (D:13)
  Dowan (D:7)
  7 gnoll sergeants (D:12)
  A wyvern skeleton (D:14)
  4 scorpions
  A tengu zombie (D:15)
  8 killer bees
  A swamp dragon simulacrum (IceCv)
  An elephant simulacrum (IceCv)
  5 howler monkeys
  2 wights (D:10)
  3 electric eels
  6 crimson imps
  2 centaur zombies
  3 lava snakes (Lair:6)
  A bullfrog zombie (D:10)
  5 draconian simulacra (IceCv)
  A quasit (D:10)
  10 hounds
  8 orc priests
  4 centaur skeletons
  9 jellies
  15 orc wizards
  5 bullfrog skeletons
  2 iguanas
  32 worker ants
  A polar bear simulacrum (IceCv)
  2 killer bee zombies
  6 troll simulacra (IceCv)
  A wolf simulacrum (IceCv)
  2 hound zombies
  A hound skeleton (D:7)
  9 gnolls
  8 adders
  2 ogre simulacra (IceCv)
  5 naga simulacra (IceCv)
  3 shadow imps
  12 white imps (IceCv)
  19 oozes
  An adder zombie (D:9)
  2 adder skeletons
  3 worms
  4 leopard geckos
  61 orcs
  7 bats
  7 giant cockroaches
  3 hobgoblins (D:3)
  7 jackals
  18 kobolds
  4 quokkas
  A ball python (D:3)
  A ball python zombie (D:5)
  4 frilled lizards
  8 goblins
  A quokka skeleton (D:5)
  5 rats
  6 fungi
  2 plants (Lair:5)
780 creatures vanquished.

Vanquished Creatures (others)
  Nessos (D:14)
  A centaur warrior (D:15)
  A wizard (D:13)
  A necromancer (IceCv)
  A black mamba (Lair:6)
  A basilisk (D:9)
  A yak (Lair:5)
  2 centaurs (D:15)
  20 fungi
  12 plants
41 creatures vanquished.

Grand Total: 821 creatures vanquished

Notes
Turn   | Place    | Note
-------+----------+-------------------------------------------
     0 | D:1      | Blackhawk the Demonspawn Gladiator began the quest for the
                  | Orb.
     0 | D:1      | Reached XP level 1. HP: 16/16 MP: 1/1
   180 | D:1      | Gained mutation: You have sharp toenails. [demonic
                  | ancestry]
   180 | D:1      | Reached XP level 2. HP: 22/22 MP: 2/2
  1021 | D:2      | Noticed Sigmund
  1023 | D:2      | Gained mutation: You have sharp fingernails. [potion of
                  | mutation]
  1023 | D:2      | Gained mutation: You occasionally shout uncontrollably at
                  | your foes. [potion of mutation]
  1023 | D:2      | Gained mutation: Your natural rate of healing is unusually
                  | fast. [potion of mutation]
  1023 | D:2      | Gained mutation: You are agile. (Dex +2) [potion of
                  | mutation]
  1032 | D:2      | Killed Sigmund
  1032 | D:2      | Reached skill level 3 in Fighting
  1032 | D:2      | Reached XP level 3. HP: 25/29 MP: 3/3
  1032 | D:2      | Gained mutation: When hurt, damage is shared between your
                  | health and your magic reserves. [demonic ancestry]
  1032 | D:2      | Reached XP level 4. HP: 30/35 MP: 4/4
  1032 | D:2      | Gained mutation: You are surrounded by a mild repulsion
                  | field. (EV +2) [demonic ancestry]
  1032 | D:2      | Reached XP level 5. HP: 36/41 MP: 5/5
  1258 | D:2      | Gained mutation: You regenerate magic rapidly. [demonic
                  | ancestry]
  1258 | D:2      | Reached XP level 6. HP: 16/47 MP: 2/6
  2357 | D:4      | Found the +3 crown of Dyrovepreva {rElec Int+2 SInv}
  2358 | D:4      | Found Ytrash's Magic Scroll Emporium.
  2390 | D:4      | Noticed Grinder
  2390 | D:4      | Paralysed by Grinder for 4 turns
  2494 | D:4      | Found a basalt altar of Yredelemnul.
  2693 | D:4      | Noticed an ice beast
  2703 | D:4      | Killed an ice beast
  2703 | D:4      | Reached skill level 4 in Fighting
  2703 | D:4      | Gained mutation: You are surrounded by a moderate repulsion
                  | field. (EV +3) [demonic ancestry]
  2703 | D:4      | Reached XP level 7. HP: 54/54 MP: 7/7
  2853 | D:4      | Noticed Menkaure
  2859 | D:4      | Killed Menkaure
  3089 | D:5      | Entered Level 5 of the Dungeon
  3092 | D:5      | Found a burning altar of Makhleb.
  3101 | D:5      | Reached skill level 5 in Axes
  3105 | D:5      | Paralysed by Grinder for 7 turns
  3134 | D:5      | Paralysed by Grinder for 2 turns
  3137 | D:5      | Killed Grinder
  3137 | D:5      | Reached skill level 5 in Fighting
  3137 | D:5      | Reached skill level 5 in Dodging
  3137 | D:5      | Gained mutation: You have razor-sharp toenails. [demonic
                  | ancestry]
  3137 | D:5      | Reached XP level 8. HP: 20/62 MP: 5/8
  3365 | D:5      | Got a slimy hunting sling
  3420 | D:5      | Identified the +9 hunting sling of Intimidation {freeze,
                  | rN++} (You found it on level 5 of the Dungeon)
  3471 | D:5      | Got a crude chain mail
  3472 | D:5      | Identified the +5 chain mail of Biygiser {+Inv MR+ Str+4
                  | Stlth+} (You found it on level 5 of the Dungeon)
  3751 | D:6      | Found an opulent altar of Gozag.
  3755 | D:6      | Got a fine ring mail
  3761 | D:6      | Noticed Blork the orc
  3767 | D:6      | Killed Blork the orc
  3799 | D:6      | Reached skill level 5 in Armour
  3823 | D:6      | Reached skill level 6 in Fighting
  3903 | D:6      | Reached XP level 9. HP: 66/69 MP: 7/9
  4107 | D:6      | Found a shimmering blue altar of Sif Muna.
  4282 | D:6      | Found a radiant altar of Vehumet.
  4369 | D:6      | Found a blossoming altar of Fedhas.
  4481 | D:7      | Reached skill level 7 in Fighting
  4509 | D:7      | Found an iron altar of Okawaru.
  4527 | D:7      | Became a worshipper of Warmaster Okawaru
  4662 | D:7      | Found a staircase to the Ecumenical Temple.
  4688 | D:7      | Found a bloodstained altar of Trog.
  4696 | D:7      | Reached * piety under Okawaru
  4696 | D:7      | Reached XP level 10. HP: 78/79 MP: 10/10
  4990 | D:7      | Found a shadowy altar of Dithmenos.
  5252 | D:7      | Noticed Duvessa
  5253 | D:7      | Noticed Dowan
  5264 | D:7      | Killed Duvessa
  5267 | D:7      | Killed Dowan
  5663 | D:7      | Found a stormy altar of Qazlal.
  5826 | D:7      | Identified the +5 ring mail "Duonic" {-Cast Str+3 Dex+4
                  | SInv} (You found it on level 6 of the Dungeon)
  6157 | D:8      | Reached ** piety under Okawaru
  6427 | D:8      | Found a sparkling altar of Nemelex Xobeh.
  6659 | D:9      | Reached skill level 8 in Fighting
  6730 | D:9      | Noticed Joseph
  6747 | D:9      | Noticed a two-headed ogre
  6755 | D:9      | Killed a two-headed ogre
  6762 | D:9      | Killed Joseph
  6831 | D:9      | Found a glowing golden altar of the Shining One.
  6833 | D:9      | Noticed a two-headed ogre
  6848 | D:9      | Killed a two-headed ogre
  6848 | D:9      | Reached *** piety under Okawaru
  6932 | D:9      | Found a shattered altar of Ashenzari.
  6963 | D:9      | Reached XP level 11. HP: 78/87 MP: 8/11
  7259 | D:9      | Noticed a two-headed ogre
  7275 | D:9      | Killed a two-headed ogre
  7275 | D:9      | Reached **** piety under Okawaru
  7501 | D:9      | Found a staircase to the Lair.
  7601 | D:9      | Found a shimmering altar of Xom.
  7605 | D:9      | Found a burning altar of Makhleb.
  7638 | D:10     | Entered Level 10 of the Dungeon
  7813 | D:10     | Reached skill level 9 in Fighting
  7975 | D:10     | Found Jikhlusk's Antique Weapon Shop.
  7981 | D:10     | Bought a transparent hand axe for 280 gold pieces
  8378 | D:11     | Reached skill level 5 in Throwing
  8432 | D:11     | Noticed an orc knight
  8514 | D:10     | Killed an orc knight
  8514 | D:10     | Received a gift from Okawaru
  8691 | D:11     | Found a roughly hewn altar of Beogh.
  8958 | D:11     | Found a portal to a secret trove of treasure.
  8974 | D:11     | Noticed an unseen horror
  8983 | D:11     | Reached ***** piety under Okawaru
  8988 | D:11     | Killed an unseen horror
  9001 | D:11     | Received a gift from Okawaru
  9070 | D:11     | Noticed a cyan ugly thing
  9087 | D:11     | Killed a cyan ugly thing
  9930 | D:12     | Noticed an eight-headed hydra
 10127 | D:12     | Found Cuamao's Antique Weapon Shop.
 10181 | D:12     | Found a staircase to the Orcish Mines.
 10246 | D:12     | Gained mutation: You are surrounded by a strong repulsion
                  | field. (EV +4, RMsl) [demonic ancestry]
 10246 | D:12     | Reached XP level 12. HP: 57/97 MP: 12/12
 10738 | D:12     | Found the ring of Robustness {AC+8}
 10810 | D:12     | Noticed a two-headed ogre
 10820 | D:12     | Killed a two-headed ogre
 10820 | D:12     | Received a gift from Okawaru
 10820 | D:12     | Reached skill level 1 in Shields
 11174 | D:11     | Identified the +10 hand axe of Valour {chop, rN+} (You
                  | bought it in a shop on level 10 of the Dungeon)
 11219 | D:13     | Reached skill level 10 in Fighting
 11492 | D:13     | Noticed a two-headed ogre
 11497 | D:13     | Killed a two-headed ogre
 11504 | D:13     | Found a gate to the Vaults.
 12447 | D:14     | Received a gift from Okawaru
 12744 | D:14     | Noticed Snorg
 12757 | D:14     | Killed Snorg
 12785 | D:14     | Noticed Nessos
 12793 | D:14     | Killed Nessos
 12793 | D:14     | Gained mutation: You have claws for feet. [demonic
                  | ancestry]
 12793 | D:14     | Reached XP level 13. HP: 104/104 MP: 13/13
 12950 | D:14     | Found Enuramet's Armour Emporium.
 12951 | D:14     | You fall into a shaft and drop 1 floor!
 12951 | D:15     | Entered Level 15 of the Dungeon
 12969 | D:15     | Reached skill level 10 in Dodging
 13061 | D:15     | Reached skill level 10 in Axes
 13303 | D:15     | Reached ****** piety under Okawaru
 13375 | D:15     | Received a gift from Okawaru
 13486 | D:15     | Found a staircase to the Depths.
 13502 | D:15     | Reached skill level 10 in Armour
 13505 | D:15     | Reached skill level 11 in Fighting
 13790 | D:15     | Reached skill level 5 in Shields
 14430 | D:14     | Identified Roxanne's Papyrus of the Rocks
 14430 | D:14     | Noticed Roxanne
 14457 | D:14     | Killed Roxanne
 14868 | D:14     | Bought a +2 plate armour of poison resistance for 481 gold
                  | pieces
 15111 | Lair:1   | Entered Level 1 of the Lair of Beasts
 15156 | Lair:1   | Gained mutation: You are slightly more attuned to the
                  | shadows. [demonic ancestry]
 15156 | Lair:1   | Reached XP level 14. HP: 87/113 MP: 14/14
 15738 | Lair:1   | Received a gift from Okawaru
 16688 | Lair:3   | Found a staircase to the Swamp.
 16714 | Lair:3   | Found a hole to the Spider Nest.
 17484 | Lair:4   | Found a radiant altar of Vehumet.
 17567 | Lair:4   | Noticed an entropy weaver
 17772 | Lair:3   | Killed an entropy weaver
 17914 | Lair:4   | Received a gift from Okawaru
 18067 | Lair:4   | Noticed an entropy weaver
 18091 | Lair:4   | Killed an entropy weaver
 18856 | Lair:5   | Found a transporter.
 18894 | Lair:5   | Found a frozen archway.
 18909 | IceCv    | Entered an ice cave
 19073 | IceCv    | Reached skill level 12 in Fighting
 19198 | IceCv    | Found an ancient bone altar of Kikubaaqudgha.
 19579 | Lair:5   | Noticed Soxozix's ghost (journeyman HOFi)
 19895 | Lair:5   | Found a transporter.
 20174 | Lair:6   | Entered Level 6 of the Lair of Beasts
 20460 | Lair:6   | Reached XP level 15. HP: 120/120 MP: 15/15
 20462 | Lair:6   | Received a gift from Okawaru
 20677 | Lair:6   | Found a staircase to the Slime Pits.
 20677 | Lair:6   | Found a viscous altar of Jiyva.
 21166 | Lair:6   | Found a large runed translucent door.
 21167 | Lair:6   | Found a large runed translucent door.
 21638 | Lair:6   | Killed from afar by a fire dragon

Levels and vault maps discovered:
D:1:      grunt_arrival_crossed_arrows, layout_basic
D:2:      cheibrodos_pilgrimage, layout_rooms, uniq_sigmund
D:3:      layout_loops_ring
D:4:      layout_loops_cross, yredelemnul_altar_generic, serial_shops,
          nicolae_shop_crystal, first_ration, uniq_grinder, uniq_menkaure
D:5:      layout_rooms, makhleb_heckhound_becter
D:6:      layout_rooms, old_standard_altar, kennysheep_mini,
          lemuel_crystal_altar, led_sif_pool, uniq_blork_the_orc
D:7:      layout_layer_cave, kennysheep_little_box, okawaru_trees_2,
          trog_ov_bears_minmay, grunt_dithmenos_smoke,
          minmay_temple_entry_junction, grunt_livestock, uniq_duvessa
D:8:      layout_basic, nemelex_altar_shiori
D:9:      layout_roguey, nicolae_overflow_crystal_walls,
          grunt_temple_overflow_champion_of_chaos,
          ashenzari_conservatory_becter, erik_lair_dragon, uniq_joseph
D:10:     layout_irregular_city, serial_undead, serial_undead_a,
          serial_undead_e, serial_undead_e, serial_undead_f, serial_shops, shop
D:11:     layout_layer_cave, special_room [special_room_orc],
          nicolae_trove_entry_crossroad
D:12:     layout_basic, kennysheep_orc_monster_closet_entryway, serial_shops,
          nicolae_shop_window_shopping, hangedman_abyss_or_decor_stabs
D:13:     lemuel_slime, layout_irregular_city, david_vaults_1
D:14:     layout_loops_corners, nicolae_two_hexagons, serial_shops,
          nicolae_shop_competitors_out_of_business, minmay_misc_feat_roman,
          minivault_5, minmay_fountain_box, serial_bayou_pond_c, uniq_roxanne,
          uniq_snorg, uniq_nessos
D:15:     gammafunk_depths_entry_grave, layout_basic, glass_columns_c,
          minmay_misc_feat_rugged, minmay_misc_feat_alley
Lair:1:   layout_chaotic_city, grunt_forest_large_clearings,
          serial_bayou_shore_a, serial_bayou_shore_b, minmay_lair_oklob_chamber
Lair:2:   layout_regular_city, infiniplex_staircase_pool, lemuel_fruit_fields
Lair:3:   layout_cave_pods, minmay_swamp_entry_wisps, spider_nest_entry_a
Lair:4:   layout_regular_city, basic_altar, minivault_29
Lair:5:   layout_loops_ring, gammafunk_ghost_berserking_beasts,
          portal_ice_cave_entry_ice_beasts, pond
Lair:6:   cheibrodos_lair_end_hotspot, layout_regular_city, slime_altar_1

Skill      XL: |  1  2  3  4  5  6  7  8  9 10 11 12 13 14 15 |
---------------+----------------------------------------------+-----
Fighting       | 3 4 5 6 7 8 9 10 11 12 | 12.4
Axes           | 3 4 5 6 7 8 9 10 11 | 11.6
Armour         | 2 3 4 5 6 7 8 9 10 11 | 11.4
Dodging        | 3 4 5 6 7 8 9 10 11 | 11.7
Throwing       | 2 4 5 7 8 9 |  9.7
Shields        | 3 5 6 7 |  7.3

Action                   |  1- 3 |  4- 6 |  7- 9 | 10-12 | 13-15 || total
-------------------------+-------+-------+-------+-------+-------++-------
Melee: War axe           |    28 |   136 |   302 |   693 |       ||  1159
       Kick              |     5 |    47 |   116 |   413 |   552 ||  1133
       Hand axe          |       |       |       |   204 |  1171 ||  1375
       Spear             |       |       |       |       |    80 ||    80
 Fire: Hunting sling     |       |       |    18 |    59 |       ||    77
Throw: Throwing net      |       |       |     1 |       |       ||     1
       Stone             |       |       |       |       |    12 ||    12
Invok: Heroism           |       |       |       |     6 |     4 ||    10
       Finesse           |       |       |       |     2 |     1 ||     3
Evoke: Wand              |       |       |       |    12 |       ||    12
  Use: Potion            |     2 |       |     4 |     3 |       ||     9
       Scroll            |       |     4 |     2 |    10 |    19 ||    35
 Stab: Paralysed         |       |       |       |     8 |       ||     8
       Sleeping          |       |       |       |     4 |     1 ||     5
       Confused          |       |       |       |       |     3 ||     3
  Eat: Chunk             |       |     5 |    10 |    22 |    25 ||    62
       Ration            |       |       |       |     3 |     1 ||     4
Armor: Leather armour    |     1 |       |       |       |       ||     1
       Ring mail         |     6 |    33 |       |   206 |    62 ||   307
       Chain mail        |       |    14 |   176 |    68 |       ||   258
       Skin              |       |       |    15 |    94 |       ||   109
       Plate armour      |       |       |       |       |   490 ||   490
Dodge: Dodged            |    18 |   133 |   294 |   821 |   591 ||  1857
       Deflected         |       |       |       |     8 |    14 ||    22
Block: Other             |       |       |       |    48 |       ||    48
       Reflection        |       |       |       |    10 |    26 ||    36
       Shield            |       |       |       |   140 |   347 ||   487
       Large shield      |       |       |       |       |   884 ||   884

Table legend:
 A = Non-vault XP
 B = Vault XP
 C = Vault XP percentage of total XP
 D = Non-vault monster count
 E = Vault monster count
 F = Vault count percentage of total count
                 A         B        C        D         E       F
            +---------+---------+-------+---------+---------+-------
      Total |   68820 |   49834 |  42.0 |     486 |     295 |  37.8
            +---------+---------+-------+---------+---------+-------
        D:1 |      23 |       0 |   0.0 |      13 |       0 |   0.0
        D:2 |      74 |     331 |  81.7 |      15 |       7 |  31.8
        D:3 |     136 |       0 |   0.0 |      28 |       0 |   0.0
        D:4 |     626 |     172 |  21.6 |      17 |       1 |   5.6
        D:5 |     725 |     328 |  31.1 |      25 |       2 |   7.4
        D:6 |    1682 |      85 |   4.8 |      31 |       1 |   3.1
        D:7 |    1274 |    1501 |  54.1 |      34 |       9 |  20.9
        D:8 |     534 |       0 |   0.0 |      15 |       0 |   0.0
        D:9 |    5053 |    1539 |  23.3 |      36 |       8 |  18.2
       D:10 |     618 |     753 |  54.9 |       8 |       5 |  38.5
       D:11 |    3347 |     832 |  19.9 |      25 |      24 |  49.0
       D:12 |    3227 |    2038 |  38.7 |      11 |      20 |  64.5
       D:13 |    5403 |    3602 |  40.0 |      26 |      27 |  50.9
       D:14 |    5353 |    4179 |  43.8 |      30 |       3 |   9.1
       D:15 |   15052 |    3811 |  20.2 |      53 |       8 |  13.1
     Lair:1 |    4046 |    4148 |  50.6 |      22 |      33 |  60.0
     Lair:2 |    1365 |       0 |   0.0 |       7 |       0 |   0.0
     Lair:3 |    1020 |    2979 |  74.5 |       6 |       9 |  60.0
     Lair:4 |    1227 |    6734 |  84.6 |       7 |      44 |  86.3
     Lair:5 |    5786 |    2561 |  30.7 |      29 |      17 |  37.0
     Lair:6 |   12249 |    8176 |  40.0 |      48 |      23 |  32.4
      IceCv |       0 |    6065 | 100.0 |       0 |      54 | 100.0
            +---------+---------+-------+---------+---------+-------
